 Dungeon Crawl Stone Soup version 0.18.1-48-g4cf74bf (webtiles) character file.

6622 TuxedoFelix the Protected (level 10, -2/78 HPs)
             Began as a Minotaur Fighter on July 27, 2016.
             Was a Priest of the Shining One.
             Killed from afar by a hell hound (24 damage)
             ... with a blast of flame
             ... on level 10 of the Dungeon.
             The game lasted 01:04:10 (12281 turns).

TuxedoFelix the Protected (Minotaur Fighter)       Turns: 12281, Time: 01:04:11

Health: -2/78      AC: 19    Str: 24      XL:     10   Next: 72%
Magic:  18/18      EV:  9    Int:  4 (5)  God:    the Shining One [***...]
Gold:   499        SH: 12    Dex:  9 (10) Spells: 0 memorised, 9 levels left

rFire  . . .     SeeInvis .     a - +0 long sword
rCold  . . .     Gourm    .     Q - +0 plate armour
rNeg   + + .     Faith    .     c - +0 shield
rPois  .         Spirit   .     (helmet restricted)
rElec  .         Dismiss  .     x - +0 cloak
rCorr  .         Reflect  .     k - +0 pair of gloves
SustAt .         Harm     .     s - +0 pair of boots
MR     .....                    (no amulet)
Stlth  ..........               P - ring of positive energy
                                y - ring of magical power

@: lethally poisoned (-2 -> -3), glowing, not resistant to hostile enchantments,
extremely unstealthy
A: retaliatory headbutt, horns 2, deterioration 1
a: Divine Shield, Renounce Religion


You were on level 10 of the Dungeon.
You worshipped the Shining One.
The Shining One was most pleased with you.
You were not hungry.

You visited 2 branches of the dungeon, and saw 11 of its levels.
You also visited: Ossuary.

You collected 499 gold pieces.

Inventory:

Hand Weapons
 a - a +0 long sword (weapon)
 F - a cursed +1 great sword of freezing
Missiles
 e - 2 tomahawks of returning (quivered)
 p - 15 tomahawks
 H - 18 javelins
Armour
 c - a +0 shield (worn)
 k - a +0 pair of gloves (worn)
 s - a +0 pair of boots (worn)
 x - a +0 cloak (worn)
 Q - a +0 plate armour (worn)
Jewellery
 y - a ring of magical power (left hand)
 P - a ring of positive energy (right hand)
Wands
 G - a wand of paralysis (7/24)
 I - a wand of digging (11/24)
 L - a wand of flame (26/48)
Scrolls
 b - a scroll of identify
 m - 4 scrolls of immolation
 q - 2 scrolls of remove curse
 t - a scroll of enchant armour {unknown}
 w - a scroll of recharging {unknown}
 B - 2 scrolls of teleportation
 E - a scroll of fog {unknown}
Potions
 h - 2 potions of lignification {unknown}
 i - 3 potions of flight
 l - a potion of invisibility {unknown}
 u - 3 potions of brilliance
 z - a potion of haste {unknown}
 D - 2 potions of agility
Books
 g - a book of Flames

   Spells                             Type                      Level
   a - Flame Tongue                   Conjuration/Fire             1
   b - Throw Flame                    Conjuration/Fire             2
   c - Conjure Flame                  Conjuration/Fire             3
   d - Inner Flame                    Hexes/Fire                   3
   e - Sticky Flame                   Conjuration/Fire             4
   f - Fireball                       Conjuration/Fire             5
 v - a book of Beasts

   Spells                             Type                      Level
   a - Summon Butterflies             Summoning                    1
   b - Call Canine Familiar           Summoning                    3
   c - Summon Ice Beast               Ice/Summoning                4
   d - Summon Mana Viper              Hexes/Summoning              5
   e - Summon Hydra                   Summoning                    7
Miscellaneous
 J - a fan of gales
Comestibles
 f - 5 bread rations
 j - 4 meat rations
 o - 4 beef jerkies
 O - a slice of pizza


   Skills:
 - Level 4.1 Fighting
 * Level 9.9 Long Blades
 * Level 10.6 Armour
 * Level 8.4 Dodging
 * Level 10.6 Shields


You had 9 spell levels left.
You didn't know any spells.

Dungeon Overview and Level Annotations

Branches:
Dungeon (10/15)            Temple (1/1) D:4             Orc (0/2) D:10
   Lair: D:8-11

Altars:
Ashenzari
Cheibriados
Dithmenos
Elyvilon
Fedhas
Gozag
Kikubaaqudgha
Makhleb
Nemelex Xobeh
Okawaru
Pakellas
Qazlal
Ru
Sif Muna
Trog
Vehumet
Xom
Yredelemnul
Zin
The Shining One

Shops:
D:4 (


Innate Abilities, Weirdness & Mutations

You reflexively headbutt those who attack you in melee.
You have a pair of horns on your head.
Your body sometimes deteriorates upon taking damage.


Message History

You slice the killer bee!!
You kill the killer bee!
You feel sick.
You start resting.
You feel sick.
A hell hound comes into view.
Items here: ) [ ††† a short sword; a chain mail; an orc corpse x2; a giant frog corpse You feel sick.
The hell hound barks!
The hell hound stops to sniff the ground.
You feel sick. The hell hound breathes flames at you.
The blast of flame hits you!
* * * LOW HITPOINT WARNING * * *
Your shield and plate armour prevent you from hitting the hell hound.
The hell hound barely misses you. The hell hound breathes flames at you.
The blast of flame hits you!
You die...

#..# ..... #..# .... #..#
.o. #..# .. # #..# .
#.##..# #.....# #.....#
#..##@# ..... #h# ....
##... #.# .... .......#
#.. #)##### .>5. .......#
#. #.....# ... .......#
#.....# .% .......#
#.....# ##. .......# #...
#........# #.#
.......####...##........#
#.#


You could see a hell hound.

Vanquished Creatures
  Erica (D:8)
  Maurice (D:8)
  Joseph (D:8)
  2 trolls (D:9)
  A spriggan (D:8)
  A wyvern (D:10)
  A hungry ghost (D:9)
  A water moccasin (D:4)
  2 sky beasts
  An ice beast (D:8)
  2 black bears
  An eye of draining (D:9)
  4 ogres
  3 centaurs
  An elf zombie (Ossuary)
  2 big kobolds (D:9)
  3 giant frogs
  3 scorpions
  4 wights (D:6)
  12 killer bees
  10 howler monkeys
  3 giant frog zombies
  5 crimson imps
  A centaur skeleton (D:9)
  6 hounds
  2 jellies (D:8)
  12 orc wizards
  Crazy Yiuf (D:7)
  6 orc priests
  A giant frog skeleton (D:10)
  2 iguanas
  4 worker ants
  3 big kobold zombies (Ossuary)
  A hound zombie (D:7)
  A hound skeleton (D:4)
  The ghost of ololoev the Firebug, a weakling DEFE (D:4)
  4 mummies (Ossuary)
  A howler monkey zombie (D:8)
  5 adders
  2 shadow imps
  2 oozes
  4 adder zombies
  2 adder skeletons
  5 worms
  3 dart slugs
  6 giant geckos
  40 orcs
  A ball python (D:1)
  4 giant cockroaches
  8 hobgoblins
  5 jackals
  24 kobolds
  7 quokkas
  8 bats
  2 giant newts
  A gnoll zombie (Ossuary)
  6 goblins
  A goblin zombie (Ossuary)
  A hobgoblin zombie (Ossuary)
  2 jackal zombies (Ossuary)
  6 rats
  2 rat zombies (Ossuary)
258 creatures vanquished.

Notes
Turn   | Place    | Note
--------------------------------------------------------------
     0 | D:1      | TuxedoFelix the Minotaur Fighter began the quest for the Orb.
     0 | D:1      | Reached XP level 1. HP: 19/19 MP: 0/0
   139 | D:1      | Reached XP level 2. HP: 11/27 MP: 1/1
  1048 | D:2      | Reached XP level 3. HP: 26/33 MP: 2/2
  1224 | D:2      | Found a shadowy altar of Dithmenos.
  1601 | D:2      | Found a glowing silver altar of Zin.
  1605 | D:2      | Reached skill level 1 in Dodging
  1944 | D:2      | Found a radiant altar of Vehumet.
  2042 | D:3      | Gained mutation: You are agile. (Dex +2) [potion of mutation]
  2042 | D:3      | Lost mutation: You are agile. (Dex +2) [potion of mutation]
  2042 | D:3      | Gained mutation: Your body sometimes deteriorates upon taking damage. [potion of mutation]
  2176 | D:3      | Reached XP level 4. HP: 34/40 MP: 3/3
  2569 | D:3      | Reached XP level 5. HP: 46/46 MP: 4/4
  2580 | D:3      | Noticed an ogre
  2591 | D:3      | Killed an ogre
  2591 | D:3      | Reached skill level 5 in Armour
  2591 | D:3      | Reached skill level 5 in Shields
  2727 | D:3      | Found a blossoming altar of Fedhas.
  3086 | D:4      | Found a shattered altar of Ashenzari.
  3286 | D:4      | Noticed ololoev's ghost (weakling DEFE)
  3299 | D:4      | Killed ololoev's ghost
  3385 | D:4      | Found Jovuxauq's Antique Weapon Emporium.
  3580 | D:4      | Reached XP level 6. HP: 52/52 MP: 5/5
  4212 | D:4      | Noticed a water moccasin
  4225 | D:4      | Killed a water moccasin
  4316 | D:4      | Noticed a sky beast
  4394 | D:4      | Killed a sky beast
  4394 | D:4      | Reached XP level 7. HP: 57/59 MP: 6/6
  4453 | D:4      | Found a staircase to the Ecumenical Temple.
  4473 | Temple   | Entered the Ecumenical Temple
  4605 | Temple   | Became a worshipper of the Shining One
  4657 | D:4      | Reached skill level 5 in Long Blades
  5031 | D:5      | Entered Level 5 of the Dungeon
  5142 | D:5      | Found an opulent altar of Gozag.
  5771 | D:5      | Found a basalt altar of Yredelemnul.
  6338 | D:5      | Found a burning altar of Makhleb.
  6396 | D:6      | Found a stormy altar of Qazlal.
  6500 | D:6      | Found a sacrificial altar of Ru.
  6525 | D:6      | Reached XP level 8. HP: 33/66 MP: 7/7
  6731 | D:6      | Found a deep blue altar of Sif Muna.
  6844 | D:6      | Reached skill level 5 in Dodging
  7388 | D:6      | Reached * piety under the Shining One
  8394 | D:7      | Reached XP level 9. HP: 71/71 MP: 8/8
  8439 | D:7      | Found an iron altar of Okawaru.
  8770 | D:7      | Noticed Crazy Yiuf
  8774 | D:7      | Killed Crazy Yiuf
  9285 | D:8      | Noticed Erica
  9318 | D:8      | Killed Erica
  9473 | D:8      | Found a sand-covered staircase.
  9505 | Ossuary  | Entered an ossuary
  9505 | Ossuary  | Reached ** piety under the Shining One
 10025 | D:8      | Noticed Maurice
 10049 | D:8      | Paralysed by Maurice for 4 turns
 10065 | D:8      | Paralysed by Maurice for 3 turns
 10070 | D:8      | Killed Maurice
 10180 | D:8      | Reached XP level 10. HP: 78/78 MP: 9/9
 10252 | D:8      | Noticed Joseph
 10287 | D:8      | Killed Joseph
 10693 | D:8      | Found a sacrificial altar of Ru.
 10729 | D:9      | Reached skill level 10 in Armour
 10729 | D:9      | Reached skill level 10 in Shields
 11040 | D:9      | Reached *** piety under the Shining One
 11984 | D:9      | Found a snail-covered altar of Cheibriados.
 11984 | D:9      | Found a white marble altar of Elyvilon.
 12050 | D:10     | Entered Level 10 of the Dungeon
 12144 | D:10     | Found a staircase to the Orcish Mines.
 12281 | D:10     | Killed from afar by a hell hound

Skill      XL: |  1  2  3  4  5  6  7  8  9 10 |
---------------+-------------------------------+-----
Fighting       | 4 |  4.1
Armour         | 4 5 6 8 9 10 | 10.6
Shields        | 4 5 6 7 9 10 | 10.6
Dodging        | 1 2 3 4 5 7 8 |  8.4
Long Blades    | 3 4 5 7 8 9 |  9.9

Action                   |  1- 3 |  4- 6 |  7- 9 | 10-12 || total
-------------------------+-------+-------+-------+-------++-------
Melee: Long sword        |   106 |   159 |   386 |   247 ||   898
       Headbutt          |    15 |    22 |    71 |    38 ||   146
Throw: Tomahawk          |       |       |     3 |     6 ||     9
       Throwing net      |       |       |     1 |       ||     1
Invok: Divine Shield     |       |       |       |     1 ||     1
  Use: Scroll            |     4 |     1 |     6 |     7 ||    18
       Potion            |     1 |     1 |     4 |     6 ||    12
  Eat: Chunk             |     4 |     2 |     6 |     3 ||    15
       Bread ration      |       |     1 |     2 |     1 ||     4
       Pizza             |       |     1 |       |       ||     1
       Meat ration       |       |       |     1 |       ||     1
       Royal jelly       |       |       |       |     1 ||     1
Armor: Scale mail        |    41 |    57 |   163 |    65 ||   326
       Plate armour      |       |       |       |    61 ||    61
Dodge: Dodged            |    39 |    46 |   145 |   127 ||   357
Block: Shield            |    64 |    67 |   240 |   212 ||   583
